 Dungeon Crawl Stone Soup version 0.20.1-1-g8b1a95d (webtiles) character file.

165 Andry07 the Skirmisher (level 5, -3/34 HPs)
             Began as a Gargoyle Fighter on Oct 9, 2017.
             Killed from afar by Natasha (6 damage)
             ... with a magic dart
             ... on level 3 of the Dungeon.
             The game lasted 00:02:38 (2445 turns).

Andry07 the Skirmisher (Gargoyle Fighter)           Turns: 2445, Time: 00:02:38

Health: -3/34      AC: 13    Str: 20    XL:     5   Next: 46%
Magic:  5/5        EV:  7    Int:  9    God:
Gold:   149        SH:  9    Dex:  9    Spells: 4/4 levels left

rFire    . . .     SeeInvis .   a - +0 flail
rCold    . . .     Gourm    .   c - +0 shield
rNeg     + . .     Faith    .   b - +0 scale mail
rPois    ∞         Spirit   .   (no helmet)
rElec    +         Reflect  .   u - +0 cloak
rCorr    .         Harm     .   (no gloves)
MR       .....                  j - +0 pair of boots
Stlth    ..........             (no amulet)
Regen    0.2/turn               (no ring)
MPRegen  0.1/turn               (no ring)

@: slowed, very slow
A: negative energy resistance 1, electricity resistance, unbreathing,
petrification resistance, rot immunity, AC +4
a: no special abilities


You were on level 3 of the Dungeon.
You were not hungry.

You visited 1 branch of the dungeon, and saw 3 of its levels.

You collected 149 gold pieces.

Inventory:

Hand Weapons
 a - a +0 flail (weapon)
Armour
 b - a +0 scale mail (worn)
 c - a +0 shield (worn)
 e - a +0 plate armour
 j - a +0 pair of boots (worn)
 u - a +0 cloak (worn)
Scrolls
 l - a scroll of amnesia {unknown}
 n - 2 scrolls of immolation {unknown}
 o - a scroll of enchant weapon {unknown}
 r - 2 scrolls of identify {unknown}
 s - 2 scrolls of recharging {unknown}
 v - a scroll of teleportation {unknown}
Potions
 d - a potion of might
 h - a potion of heal wounds {unknown}
 k - a potion of agility {unknown}
 m - a potion of degeneration {unknown}
 p - a potion of magic {unknown}
 t - a potion of resistance {unknown}
Comestibles
 f - 3 bread rations
 g - a royal jelly
 i - a meat ration
 q - 4 chunks of flesh


   Skills:
 + Level 4.8 Fighting
 + Level 4.0 Maces & Flails
 - Level 3.2 Armour
 + Level 1.2 Dodging
 - Level 3.2 Shields


You had 4 spell levels left.
You didn't know any spells.

Dungeon Overview and Level Annotations

Branches:
Dungeon (3/15)

Altars:
Uskayaw

Annotations:
D:3 Natasha


Innate Abilities, Weirdness & Mutations

You are resistant to torment.
Your stone body is resilient. (AC +4)
You are immune to poison.
You resist negative energy. (rN+)
You are resistant to electric shocks. (rElec)
You can survive without breathing.
You are immune to petrification.
You are immune to rotting.


Message History

Natasha stares at you and mumbles some strange words.
You feel yourself slow down. You block Natasha's attack.
You barely miss Natasha. You block Natasha's attack.
You barely miss Natasha.
Natasha claws you but does no damage. x2
You thump Natasha!
Natasha is heavily wounded.
Natasha mumbles some strange words.
You block Natasha's attack.
Unknown command.
You closely miss Natasha.
Natasha is heavily wounded.
You block Natasha's attack. Natasha claws you.
* * * LOW HITPOINT WARNING * * *
The white imp gestures at you. You block the puff of frost.
Your shield and scale mail prevent you from hitting Natasha.
Natasha is heavily wounded.
Natasha casts a spell at you. The magic dart hits you!
You die...

#.....##.......
........†# #.###.#### #.#
#.# #.# #.# #.# #.# #.#
#.############ ## #.#
#............##...## #.#
#.####.#...5@†...... #.#
#.# #...###h##...## #<#
#.# ##.####.## ## #.# #.#
#.###..<##.#
#.###.#####.#^...........
#.............#...##..###
#.............[..........
##.##.####...#.#.###..##.
......##>......#.# .#


You could see Natasha and a white imp.

Vanquished Creatures
  A centaur zombie (D:3)
  Crazy Yiuf (D:2)
  Natasha (D:3)
  An adder (D:2)
  An ooze (D:2)
  A worm (D:3)
  2 dart slugs (D:1)
  3 leopard geckos
  An orc (D:3)
  6 giant cockroaches
  7 hobgoblins
  4 jackals
  A quokka (D:2)
  A ball python (D:1)
  2 bats
  4 frilled lizards
  8 goblins
  4 kobolds
  7 rats
56 creatures vanquished.

Notes
Turn   | Place    | Note
-------+----------+-------------------------------------------
     0 | D:1      | Andry07 the Gargoyle Fighter began the quest for the Orb.
     0 | D:1      | Reached XP level 1. HP: 14/14 MP: 1/1
    87 | D:1      | Reached XP level 2. HP: 17/19 MP: 2/2
   565 | D:1      | Reached XP level 3. HP: 24/24 MP: 3/3
  1054 | D:2      | You fall through a shaft!
  1190 | D:3      | Noticed Natasha
  1206 | D:3      | Killed Natasha
  1206 | D:3      | Reached XP level 4. HP: 10/30 MP: 4/4
  1321 | D:3      | Found a hide-covered altar of Uskayaw.
  1605 | D:3      | Reached skill level 1 in Dodging
  1743 | D:2      | Reached XP level 5. HP: 34/34 MP: 5/5
  2087 | D:2      | Found a runed door.
  2272 | D:2      | Noticed Crazy Yiuf
  2285 | D:2      | Killed Crazy Yiuf
  2413 | D:3      | Noticed Natasha
  2445 | D:3      | Killed from afar by Natasha

Skill      XL: |  1  2  3  4  5 |
---------------+----------------+-----
Fighting       | 4 |  4.8
Maces & Flails | 3 4 |  4.0
Dodging        | 1 |  1.2
Armour         | |  3.2
Shields        | |  3.2

Action                   |  1- 3 |  4- 6 || total
-------------------------+-------+-------++-------
Melee: Flail             |   121 |   108 ||   229
  Eat: Chunk             |       |     5 ||     5
Armor: Scale mail        |    76 |    45 ||   121
Dodge: Dodged            |    45 |    37 ||    82
Block: Shield            |    68 |    56 ||   124
